 Dungeon Crawl Stone Soup version 0.23.2-33-g5129a83184 (webtiles) character file.

Game seed: 17287085384042076659

19 Folque the Digger (level 2, 20/20 HPs)
             Began as a Draconian Earth Elementalist on July 24, 2019.
             Got out of the dungeon alive.
             The game lasted 00:02:58 (742 turns).

Folque the Digger (Draconian Earth Elementalist)     Turns: 742, Time: 00:02:58

Health: 20/20      AC:  4    Str: 10    XL:     2   Next: 55%
Magic:  5/5        EV: 12    Int: 15    God:
Gold:   64         SH:  0    Dex: 11    Spells: 3/6 levels left

rFire    . . .     SeeInvis .   a - +0 dagger
rCold    . . .     Gourm    .   (no shield)
rNeg     . . .     Faith    .   (armour unavailable)
rPois    .         Spirit   .   (helmet restricted)
rElec    .         Reflect  .   (no cloak)
rCorr    .         Harm     .   (no gloves)
MR       .....                  (no boots)
Stlth    ++........             (no amulet)
HPRegen  0.06/turn              (no ring)
MPRegen  0.09/turn              (no ring)

@: no status effects
A: unfitting armour, cold-blooded, AC +4
a: no special abilities


You escaped.
You were not hungry.

You visited 1 branch of the dungeon, and saw 2 of its levels.

You collected 64 gold pieces.

Inventory:

Hand Weapons
 a - a +0 dagger (weapon)
Missiles
 b - 48 stones (quivered)
Scrolls
 d - 3 scrolls of remove curse {unknown}
 e - 2 scrolls of amnesia {unknown}
Potions
 f - a potion of agility {unknown}
 h - a potion of brilliance {unknown}
 i - a potion of haste {unknown}
Comestibles
 c - a ration
 g - 2 chunks of flesh


   Skills:
 * Level 0.0 Fighting
 - Level 1.7 Dodging
 - Level 1.7 Stealth
 + Level 2.5 Spellcasting
 - Level 1.0 Transmutations
 + Level 3.4 Earth Magic


You had 3 spell levels left.
You knew the following spells:

 Your Spells              Type           Power        Failure   Level  Hunger
a - Sandblast             Erth           ##....       4%          1    #......
b - Passwall              Tmut/Erth      #.......     13%         2    ###....

Your spell library contained the following spells:

 Spells                   Type           Power        Failure   Level  Hunger
 Stone Arrow              Conj/Erth      #.....       30%         3    ###....
 Petrify                  Tmut/Erth      #.......     63%         4    #####..
 Lee's Rapid Deconstruct  Erth           ##........   80%         5    ######.


Dungeon Overview and Level Annotations

Branches:
Dungeon (2/15)

Altars:


Innate Abilities, Weirdness & Mutations

Your plain brown scales are hard. (AC +4)
You cannot fit into any form of body armour.
You are cold-blooded and may be slowed by cold attacks.


Message History

You closely miss the kobold.
You tail-slap the kobold, but do no damage.
The kobold barely misses you.
You hit the kobold.
You kill the kobold!
b - 48 stones (gained 4) Some of the chunks of flesh in your inventory have rotted away.
Partly explored, can't reach some items.
Partly explored, can't reach some items.
Some of the chunks of flesh in your inventory have rotted away.
There is a stone staircase leading down here.
You climb downwards.
There is a stone staircase leading up here.
You climb upwards.
There is a stone staircase leading down here.
Key pressed, stopping travel.
You can't go up here!
There is a staircase leading out of the dungeon here.
Are you sure you want to leave the Dungeon?
This will make you lose the game!
You have escaped!

#.# #.####.≈≈?≈≈.#.....#######
#.# #....#.≈≈§≈§.#............
#># ####.#.≈≈§§≈.#......######
#.# #.#.≈§≈§§.###..#.# #.#
#.#..≈≈≈..# #..#.### #.#
#.#.......###.##...# #.#
#.#.......#...####.# #.#
#.#.......#...# #.#### #.#
#.##..@..##.#.# #....# #.#
#..##########.#######.. #.####
##................#####
#....#############.........###
#..........#######......##÷...
#....#####............).######
#....# ########.......# ######
##......# #......#


There were no monsters in sight!

Vanquished Creatures
  2 dart slugs (D:1)
  A giant cockroach (D:1)
  A goblin (D:1)
  2 hobgoblins (D:1)
  3 kobolds (D:1)
  3 bats (D:1)
  A frilled lizard (D:1)
  2 rats (D:1)
15 creatures vanquished.

Notes
Turn   | Place    | Note
-------+----------+-------------------------------------------
     0 | D:1      | Folque the Draconian Earth Elementalist began the quest for
                  | the Orb.
     0 | D:1      | Reached XP level 1. HP: 14/14 MP: 3/3
   339 | D:1      | Reached XP level 2. HP: 15/20 MP: 5/5
   533 | D:1      | Learned a level 2 spell: Passwall
   742 | D:$      | Got out of the dungeon alive.

Action                   || total
-------------------------++-------
Melee: Dagger            ||    72
       Tailslap          ||     4
 Cast: Sandblast         ||     4
Armor: Skin              ||    28
Dodge: Dodged            ||    51
